Workbook

Sheet 1.Buget
C2: BUGET
B5: Nr. Ctr. | C5: Denumire utilaje/echipamente/servicii/alte cheltuieli | D5: UM | E5: Cantitate | F5: PU (fara tva) | G5: Valoarea totală fara TVA - lei | H5: Valoarea TVA | I5: Valoare totala cu TVA
B6: 1 | C6: Camera frigorifica refrigerare | D6: buc | E6: 1 | F6: 10737.44 | G6: =E6*F6 -> 10737.44 | H6: =ROUND(G6*19%,2) -> 2040.11 | I6: =G6+H6 -> 12777.55 | J6: =I6 -> 12777.55 | K6: =I6-J6 -> 0
B7: 2 | G7: =E7*F7 -> 0 | H7: =ROUND(G7*19%,2) -> 0 | I7: =G7+H7 -> 0
B8: 3 | G8: =E8*F8 -> 0 | H8: =ROUND(G8*19%,2) -> 0 | I8: =G8+H8 -> 0
B9: 4 | G9: =E9*F9 -> 0 | H9: =ROUND(G9*19%,2) -> 0 | I9: =G9+H9 -> 0
B10: 5 | G10: =E10*F10 -> 0 | H10: =ROUND(G10*19%,2) -> 0 | I10: =G10+H10 -> 0
C11: TOTAL capitol bugetar Echipamente/Utilaje | G11: =SUM(G6:G10) -> 10737.44 | H11: =SUM(H6:H10) -> 2040.11 | I11: =SUM(I6:I10) -> 12777.55
B12: 1 | C12: Sistem operare | D12: buc | E12: 1 | F12: 377.31 | G12: =E12*F12 -> 377.31 | H12: =ROUND(G12*19%,2) -> 71.69 | I12: =G12+H12 -> 449 | J12: =I12 -> 449 | K12: =I12-J12 -> 0
B13: 2 | C13: Antivirus (licenta 36 luni) | D13: buc | E13: 1 | F13: 298.32 | G13: =E13*F13 -> 298.32 | H13: =ROUND(G13*19%,2) -> 56.68 | I13: =G13+H13 -> 355 | J13: =I13 -> 355 | K13: =I13-J13 -> 0
B14: 3 | C14: Suita Office | D14: buc | E14: 1 | F14: 755.46 | G14: =E14*F14 -> 755.46 | H14: =ROUND(G14*19%,2) -> 143.54 | I14: =G14+H14 -> 899 | J14: =I14 -> 899 | K14: =I14-J14 -> 0
B15: 4 | C15: Portal web | D15: buc | E15: 1 | F15: 4900 | G15: =E15*F15 -> 4900 | H15: 0 | I15: =G15+H15 -> 4900 | J15: =I15 -> 4900 | K15: =I15-J15 -> 0
B16: 5 | G16: =E16*F16 -> 0 | H16: =ROUND(G16*19%,2) -> 0 | I16: =G16+H16 -> 0
C17: TOTAL capitol bugetar Software | G17: =SUM(G12:G16) -> 6331.09 | H17: =SUM(H12:H16) -> 271.91 | I17: =SUM(I12:I16) -> 6603
B18: 1 | C18: Salariu director | D18: luni | E18: 10 | F18: 1331 | G18: =E18*F18 -> 13310 | H18: 0 | I18: =G18+H18 -> 13310 | J18: =F18*7 -> 9317 | K18: =I18-J18 -> 3993
B19: 2 | C19: Salariu florar decorator 1 | D19: luni | E19: 10 | F19: 3436 | G19: =E19*F19 -> 34360 | H19: 0 | I19: =G19+H19 -> 34360 | J19: =F19*7 -> 24052 | K19: =I19-J19 -> 10308
B20: 3 | C20: Salariu florar decorator 2 | D20: luni | E20: 10 | F20: 1718 | G20: =E20*F20 -> 17180 | H20: 0 | I20: =G20+H20 -> 17180 | J20: =F20*7 -> 12026 | K20: =I20-J20 -> 5154
B21: 4 | G21: =E21*F21 -> 0 | H21: 0 | I21: =G21+H21 -> 0
C22: TOTAL capitol bugetar Cheltuieli salariale | G22: =SUM(G18:G21) -> 64850 | H22: =SUM(H18:H21) -> 0 | I22: =SUM(I18:I21) -> 64850
B23: 1 | C23: Laptop | D23: buc | E23: 1 | F23: 1638.66 | G23: =E23*F23 -> 1638.66 | H23: =ROUND(G23*19%,2) -> 311.35 | I23: =G23+H23 -> 1950.01 | J23: =I23 -> 1950.01 | K23: =I23-J23 -> 0
B24: 2 | C24: Imprimanta | D24: buc | E24: 1 | F24: 739.5 | G24: =E24*F24 -> 739.5 | H24: =ROUND(G24*19%,2) -> 140.51 | I24: =G24+H24 -> 880.01 | J24: =I24 -> 880.01 | K24: =I24-J24 -> 0
B25: 3 | C25: Birou | D25: buc | E25: 1 | F25: 463.87 | G25: =E25*F25 -> 463.87 | H25: =ROUND(G25*19%,2) -> 88.14 | I25: =G25+H25 -> 552.01 | J25: =I25 -> 552.01 | K25: =I25-J25 -> 0
B26: 4 | C26: Scaune | D26: buc | E26: 4 | F26: 125.5 | G26: =E26*F26 -> 502 | H26: =ROUND(G26*19%,2) -> 95.38 | I26: =G26+H26 -> 597.38 | J26: =I26 -> 597.38 | K26: =I26-J26 -> 0
B27: 5 | C27: Masa lucru | D27: buc | E27: 1 | F27: 500 | G27: =E27*F27 -> 500 | H27: =ROUND(G27*19%,2) -> 95 | I27: =G27+H27 -> 595 | J27: =I27 -> 595 | K27: =I27-J27 -> 0
B28: 6 | C28: Rafturi | D28: buc | E28: 2 | F28: 302.52 | G28: =E28*F28 -> 605.04 | H28: =ROUND(G28*19%,2) -> 114.96 | I28: =G28+H28 -> 720 | J28: =I28 -> 720 | K28: =I28-J28 -> 0
B29: 7 | C29: Canistre flori | D29: buc | E29: 20 | F29: 20 | G29: =E29*F29 -> 400 | H29: =ROUND(G29*19%,2) -> 76 | I29: =G29+H29 -> 476 | J29: =I29 -> 476 | K29: =I29-J29 -> 0
B30: 8 | C30: Pistol silicon | D30: buc | E30: 2 | F30: 50 | G30: =E30*F30 -> 100 | H30: =ROUND(G30*19%,2) -> 19 | I30: =G30+H30 -> 119 | J30: =I30 -> 119 | K30: =I30-J30 -> 0
B31: 9 | C31: Casa de marcat electronica | D31: buc | E31: 1 | F31: 714.29 | G31: =E31*F31 -> 714.29 | H31: =ROUND(G31*19%,2) -> 135.72 | I31: =G31+H31 -> 850.01 | J31: =I31 -> 850.01 | K31: =I31-J31 -> 0
B32: 10 | C32: Materia prima si materiale accesorii, consumabile | D32: luni | E32: 10 | F32: 4030.1 | G32: =E32*F32 -> 40301 | H32: =ROUND(G32*19%,2) -> 7657.19 | I32: =G32+H32 -> 47958.19 | J32: 35031.4 | K32: =I32-J32 -> 12926.79
C33: TOTAL capitol bugetar Cheltuieli materiale si obiecte de inventar | G33: =SUM(G23:G32) -> 45964.36 | H33: =SUM(H23:H32) -> 8733.25 | I33: =SUM(I23:I32) -> 54697.61
B34: 1 | C34: Servicii contabilitate, personal | D34: luni | E34: 11 | F34: 500 | G34: =E34*F34 -> 5500 | H34: =ROUND(G34*19%,2) -> 1045 | I34: =G34+H34 -> 6545 | J34: =F34*1.19*7 -> 4165 | K34: =I34-J34 -> 2380
B35: 2 | C35: Chirie spatiu atelier | D35: luni | E35: 10 | F35: 2000 | G35: =E35*F35 -> 20000 | H35: =ROUND(G35*19%,2) -> 3800 | I35: =G35+H35 -> 23800 | J35: =F35*1.19*7 -> 16660 | K35: =I35-J35 -> 7140
B36: 3 | C36: Utilitati spatiu atelier | D36: luni | E36: 10 | F36: 400 | G36: =E36*F36 -> 4000 | H36: =ROUND(G36*19%,2) -> 760 | I36: =G36+H36 -> 4760 | J36: =F36*1.19*7 -> 3332 | K36: =I36-J36 -> 1428
B37: 4 | C37: Promovare online | D37: luni | E37: 10 | F37: 300 | G37: =E37*F37 -> 3000 | H37: =ROUND(G37*19%,2) -> 570 | I37: =G37+H37 -> 3570 | J37: =F37*1.19*7 -> 2499 | K37: =I37-J37 -> 1071
B38: 5 | G38: =E38*F38 -> 0 | H38: =ROUND(G38*19%,2) -> 0 | I38: =G38+H38 -> 0 | J38: =F38*1.19*7 -> 0 | K38: =I38-J38 -> 0
B39: 6 | G39: =E39*F39 -> 0 | H39: =ROUND(G39*19%,2) -> 0 | I39: =G39+H39 -> 0
B40: 7 | G40: =E40*F40 -> 0 | H40: =ROUND(G40*19%,2) -> 0 | I40: =G40+H40 -> 0
B41: 8 | G41: =E41*F41 -> 0 | H41: =ROUND(G41*19%,2) -> 0 | I41: =G41+H41 -> 0
B42: 9 | G42: =E42*F42 -> 0 | H42: =ROUND(G42*19%,2) -> 0 | I42: =G42+H42 -> 0
C43: TOTAL capitol bugetar Alte cheltuieli (utilitati, servicii, chirii) | G43: =SUM(G34:G42) -> 32500 | H43: =SUM(H34:H42) -> 6175 | I43: =SUM(I34:I42) -> 38675
C44: TOTAL GENERAL | G44: =G11+G17+G22+G33+G43 -> 160382.89 | H44: =H11+H17+H22+H33+H43 -> 17220.27 | I44: =I11+I17+I22+I33+I43 -> 177603.16 | J44: =SUM(J6:J43) -> 133202.37 | K44: =SUM(K6:K43) -> 44400.79
I46: 177603.46 | J46: =I44*0.75 -> 133202.37 | K46: =I44-J46 -> 44400.79
C47: Nota. Pentru fiecare element de cost, se vor introduce linii seperat. Bugetul proiectului va fi exprimat doar in RON. Un plan de afaceri nu trebuie să conțină în mod obligatoriu toate categoriile de cheltuieli eligibile menționate mai sus. Cheltuielile sunt eligibile în măsura în care sunt necesare activităților eligibile ale proiectului și se regăsesc în lista de cheltuieli eligibile din Metodologie de derulare a concursului de planuri de afaceri.
J48: =J46-J44 -> 0

Sheet 2. Echipamente, utilaje & soft
C2: Proiectie cheltuieli
C4: Echipamente, utilaje si softuri
C6: An 1 | L6: An 2 | U6: An 3
B8: Nr. crt. | C8: Denumire reper | D8: UM | E8: Numar buc | F8: Pret unitar (fara tva) | G8: Valoare (fara tva) | H8: tva | I8: Valoare cu tva | K8: Nr. crt. | L8: Denumire cheltuială | M8: UM | N8: Numar buc | O8: Pret unitar (fara tva) | P8: Valoare (fara tva) | Q8: tva | R8: Valoare cu tva | T8: Nr. crt. | U8: Denumire cheltuială | V8: UM | W8: Numar buc | X8: Pret unitar (fara tva) | Y8: Valoare (fara tva) | Z8: tva | AA8: Valoare cu tva
B9: 1 | C9: ='1.Buget'!C6 -> Camera frigorifica refrigerare | D9: buc | E9: 1 | F9: ='1.Buget'!F6 -> 10737.44 | G9: =E9*F9 -> 10737.44 | H9: =ROUND(G9*19%,2) -> 2040.11 | I9: =G9+H9 -> 12777.55 | K9: 1 | P9: =N9*O9 -> 0 | Q9: =ROUND(P9*19%,2) -> 0 | R9: =P9+Q9 -> 0 | T9: 1 | Y9: =W9*X9 -> 0 | Z9: =ROUND(Y9*19%,2) -> 0 | AA9: =Y9+Z9 -> 0
B10: 2 | G10: =E10*F10 -> 0 | H10: =ROUND(G10*19%,2) -> 0 | I10: =G10+H10 -> 0 | K10: 2 | P10: =N10*O10 -> 0 | Q10: =ROUND(P10*19%,2) -> 0 | R10: =P10+Q10 -> 0 | T10: 2 | Y10: =W10*X10 -> 0 | Z10: =ROUND(Y10*19%,2) -> 0 | AA10: =Y10+Z10 -> 0
B11: 3 | G11: =E11*F11 -> 0 | H11: =ROUND(G11*19%,2) -> 0 | I11: =G11+H11 -> 0 | K11: 3 | P11: =N11*O11 -> 0 | Q11: =ROUND(P11*19%,2) -> 0 | R11: =P11+Q11 -> 0 | T11: 3 | Y11: =W11*X11 -> 0 | Z11: =ROUND(Y11*19%,2) -> 0 | AA11: =Y11+Z11 -> 0
B12: 4 | G12: =E12*F12 -> 0 | H12: =ROUND(G12*19%,2) -> 0 | I12: =G12+H12 -> 0 | K12: 4 | P12: =N12*O12 -> 0 | Q12: =ROUND(P12*19%,2) -> 0 | R12: =P12+Q12 -> 0 | T12: 4 | Y12: =W12*X12 -> 0 | Z12: =ROUND(Y12*19%,2) -> 0 | AA12: =Y12+Z12 -> 0
B13: 5 | G13: =E13*F13 -> 0 | H13: =ROUND(G13*19%,2) -> 0 | I13: =G13+H13 -> 0 | K13: 5 | P13: =N13*O13 -> 0 | Q13: =ROUND(P13*19%,2) -> 0 | R13: =P13+Q13 -> 0 | T13: 5 | Y13: =W13*X13 -> 0 | Z13: =ROUND(Y13*19%,2) -> 0 | AA13: =Y13+Z13 -> 0
B14: 6 | G14: =E14*F14 -> 0 | H14: =ROUND(G14*19%,2) -> 0 | I14: =G14+H14 -> 0 | K14: 6 | P14: =N14*O14 -> 0 | Q14: =ROUND(P14*19%,2) -> 0 | R14: =P14+Q14 -> 0 | T14: 6 | Y14: =W14*X14 -> 0 | Z14: =ROUND(Y14*19%,2) -> 0 | AA14: =Y14+Z14 -> 0
B15: 7 | G15: =E15*F15 -> 0 | H15: =ROUND(G15*19%,2) -> 0 | I15: =G15+H15 -> 0 | K15: 7 | P15: =N15*O15 -> 0 | Q15: =ROUND(P15*19%,2) -> 0 | R15: =P15+Q15 -> 0 | T15: 7 | Y15: =W15*X15 -> 0 | Z15: =ROUND(Y15*19%,2) -> 0 | AA15: =Y15+Z15 -> 0
B16: 8 | G16: =E16*F16 -> 0 | H16: =ROUND(G16*19%,2) -> 0 | I16: =G16+H16 -> 0 | K16: 8 | P16: =N16*O16 -> 0 | Q16: =ROUND(P16*19%,2) -> 0 | R16: =P16+Q16 -> 0 | T16: 8 | Y16: =W16*X16 -> 0 | Z16: =ROUND(Y16*19%,2) -> 0 | AA16: =Y16+Z16 -> 0
B17: 9 | G17: =E17*F17 -> 0 | H17: =ROUND(G17*19%,2) -> 0 | I17: =G17+H17 -> 0 | K17: 9 | P17: =N17*O17 -> 0 | Q17: =ROUND(P17*19%,2) -> 0 | R17: =P17+Q17 -> 0 | T17: 9 | Y17: =W17*X17 -> 0 | Z17: =ROUND(Y17*19%,2) -> 0 | AA17: =Y17+Z17 -> 0
B18: 10 | G18: =E18*F18 -> 0 | H18: =ROUND(G18*19%,2) -> 0 | I18: =G18+H18 -> 0 | K18: 10 | P18: =N18*O18 -> 0 | Q18: =ROUND(P18*19%,2) -> 0 | R18: =P18+Q18 -> 0 | T18: 10 | Y18: =W18*X18 -> 0 | Z18: =ROUND(Y18*19%,2) -> 0 | AA18: =Y18+Z18 -> 0
B19: 11 | G19: =E19*F19 -> 0 | H19: =ROUND(G19*19%,2) -> 0 | I19: =G19+H19 -> 0 | K19: 11 | P19: =N19*O19 -> 0 | Q19: =ROUND(P19*19%,2) -> 0 | R19: =P19+Q19 -> 0 | T19: 11 | Y19: =W19*X19 -> 0 | Z19: =ROUND(Y19*19%,2) -> 0 | AA19: =Y19+Z19 -> 0
B20: 12 | G20: =E20*F20 -> 0 | H20: =ROUND(G20*19%,2) -> 0 | I20: =G20+H20 -> 0 | K20: 12 | P20: =N20*O20 -> 0 | Q20: =ROUND(P20*19%,2) -> 0 | R20: =P20+Q20 -> 0 | T20: 12 | Y20: =W20*X20 -> 0 | Z20: =ROUND(Y20*19%,2) -> 0 | AA20: =Y20+Z20 -> 0
C21: Total | G21: =SUM(G9:G20) -> 10737.44 | H21: =SUM(H9:H20) -> 2040.11 | I21: =SUM(I9:I20) -> 12777.55 | L21: Total | P21: =SUM(P9:P20) -> 0 | Q21: =SUM(Q9:Q20) -> 0 | R21: =SUM(R9:R20) -> 0 | U21: Total | Y21: =SUM(Y9:Y20) -> 0 | Z21: =SUM(Z9:Z20) -> 0 | AA21: =SUM(AA9:AA20) -> 0
C23: Licente /softuri
C26: An 1 | L26: An 2 | U26: An 3
B28: Nr. crt. | C28: Denumire reper | D28: UM | E28: Numar buc | F28: Pret unitar (fara tva) | G28: Valoare (fara tva) | H28: tva | I28: Valoare cu tva | K28: Nr. crt. | L28: Denumire cheltuială | M28: UM | N28: Numar buc | O28: Pret unitar (fara tva) | P28: Valoare (fara tva) | Q28: tva | R28: Valoare cu tva | T28: Nr. crt. | U28: Denumire cheltuială | V28: UM | W28: Numar buc | X28: Pret unitar (fara tva) | Y28: Valoare (fara tva) | Z28: tva | AA28: Valoare cu tva
B29: 1 | C29: ='1.Buget'!C12 -> Sistem operare | D29: ='1.Buget'!D12 -> buc | E29: ='1.Buget'!E12 -> 1 | F29: ='1.Buget'!F12 -> 377.31 | G29: =E29*F29 -> 377.31 | H29: =ROUND(G29*19%,2) -> 71.69 | I29: =G29+H29 -> 449 | K29: 1 | P29: =N29*O29 -> 0 | Q29: =ROUND(P29*19%,2) -> 0 | R29: =P29+Q29 -> 0 | T29: 1 | Y29: =W29*X29 -> 0 | Z29: =ROUND(Y29*19%,2) -> 0 | AA29: =Y29+Z29 -> 0
B30: 2 | C30: ='1.Buget'!C13 -> Antivirus (licenta 36 luni) | D30: ='1.Buget'!D13 -> buc | E30: ='1.Buget'!E13 -> 1 | F30: ='1.Buget'!F13 -> 298.32 | G30: =E30*F30 -> 298.32 | H30: =ROUND(G30*19%,2) -> 56.68 | I30: =G30+H30 -> 355 | K30: 2 | P30: =N30*O30 -> 0 | Q30: =ROUND(P30*19%,2) -> 0 | R30: =P30+Q30 -> 0 | T30: 2 | Y30: =W30*X30 -> 0 | Z30: =ROUND(Y30*19%,2) -> 0 | AA30: =Y30+Z30 -> 0
B31: 3 | C31: ='1.Buget'!C14 -> Suita Office | D31: ='1.Buget'!D14 -> buc | E31: ='1.Buget'!E14 -> 1 | F31: ='1.Buget'!F14 -> 755.46 | G31: =E31*F31 -> 755.46 | H31: =ROUND(G31*19%,2) -> 143.54 | I31: =G31+H31 -> 899 | K31: 3 | P31: =N31*O31 -> 0 | Q31: =ROUND(P31*19%,2) -> 0 | R31: =P31+Q31 -> 0 | T31: 3 | Y31: =W31*X31 -> 0 | Z31: =ROUND(Y31*19%,2) -> 0 | AA31: =Y31+Z31 -> 0
B32: 4 | C32: ='1.Buget'!C15 -> Portal web | D32: ='1.Buget'!D15 -> buc | E32: ='1.Buget'!E15 -> 1 | F32: ='1.Buget'!F15 -> 4900 | G32: =E32*F32 -> 4900 | H32: 0 | I32: =G32+H32 -> 4900 | K32: 4 | P32: =N32*O32 -> 0 | Q32: =ROUND(P32*19%,2) -> 0 | R32: =P32+Q32 -> 0 | T32: 4 | Y32: =W32*X32 -> 0 | Z32: =ROUND(Y32*19%,2) -> 0 | AA32: =Y32+Z32 -> 0
B33: 5 | G33: =E33*F33 -> 0 | H33: =ROUND(G33*19%,2) -> 0 | I33: =G33+H33 -> 0 | K33: 5 | P33: =N33*O33 -> 0 | Q33: =ROUND(P33*19%,2) -> 0 | R33: =P33+Q33 -> 0 | T33: 5 | Y33: =W33*X33 -> 0 | Z33: =ROUND(Y33*19%,2) -> 0 | AA33: =Y33+Z33 -> 0
B34: 6 | G34: =E34*F34 -> 0 | H34: =ROUND(G34*19%,2) -> 0 | I34: =G34+H34 -> 0 | K34: 6 | P34: =N34*O34 -> 0 | Q34: =ROUND(P34*19%,2) -> 0 | R34: =P34+Q34 -> 0 | T34: 6 | Y34: =W34*X34 -> 0 | Z34: =ROUND(Y34*19%,2) -> 0 | AA34: =Y34+Z34 -> 0
B35: 7 | G35: =E35*F35 -> 0 | H35: =ROUND(G35*19%,2) -> 0 | I35: =G35+H35 -> 0 | K35: 7 | P35: =N35*O35 -> 0 | Q35: =ROUND(P35*19%,2) -> 0 | R35: =P35+Q35 -> 0 | T35: 7 | Y35: =W35*X35 -> 0 | Z35: =ROUND(Y35*19%,2) -> 0 | AA35: =Y35+Z35 -> 0
B36: 8 | G36: =E36*F36 -> 0 | H36: =ROUND(G36*19%,2) -> 0 | I36: =G36+H36 -> 0 | K36: 8 | P36: =N36*O36 -> 0 | Q36: =ROUND(P36*19%,2) -> 0 | R36: =P36+Q36 -> 0 | T36: 8 | Y36: =W36*X36 -> 0 | Z36: =ROUND(Y36*19%,2) -> 0 | AA36: =Y36+Z36 -> 0
B37: 9 | G37: =E37*F37 -> 0 | H37: =ROUND(G37*19%,2) -> 0 | I37: =G37+H37 -> 0 | K37: 9 | P37: =N37*O37 -> 0 | Q37: =ROUND(P37*19%,2) -> 0 | R37: =P37+Q37 -> 0 | T37: 9 | Y37: =W37*X37 -> 0 | Z37: =ROUND(Y37*19%,2) -> 0 | AA37: =Y37+Z37 -> 0
B38: 10 | G38: =E38*F38 -> 0 | H38: =ROUND(G38*19%,2) -> 0 | I38: =G38+H38 -> 0 | K38: 10 | P38: =N38*O38 -> 0 | Q38: =ROUND(P38*19%,2) -> 0 | R38: =P38+Q38 -> 0 | T38: 10 | Y38: =W38*X38 -> 0 | Z38: =ROUND(Y38*19%,2) -> 0 | AA38: =Y38+Z38 -> 0
B39: 11 | G39: =E39*F39 -> 0 | H39: =ROUND(G39*19%,2) -> 0 | I39: =G39+H39 -> 0 | K39: 11 | P39: =N39*O39 -> 0 | Q39: =ROUND(P39*19%,2) -> 0 | R39: =P39+Q39 -> 0 | T39: 11 | Y39: =W39*X39 -> 0 | Z39: =ROUND(Y39*19%,2) -> 0 | AA39: =Y39+Z39 -> 0
B40: 12 | G40: =E40*F40 -> 0 | H40: =ROUND(G40*19%,2) -> 0 | I40: =G40+H40 -> 0 | K40: 12 | P40: =N40*O40 -> 0 | Q40: =ROUND(P40*19%,2) -> 0 | R40: =P40+Q40 -> 0 | T40: 12 | Y40: =W40*X40 -> 0 | Z40: =ROUND(Y40*19%,2) -> 0 | AA40: =Y40+Z40 -> 0
C41: Total | G41: =SUM(G29:G40) -> 6331.09 | H41: =SUM(H29:H40) -> 271.91 | I41: =SUM(I29:I40) -> 6603 | L41: Total | P41: =SUM(P29:P40) -> 0 | Q41: =SUM(Q29:Q40) -> 0 | R41: =SUM(R29:R40) -> 0 | U41: Total | Y41: =SUM(Y29:Y40) -> 0 | Z41: =SUM(Z29:Z40) -> 0 | AA41: =SUM(AA29:AA40) -> 0
C44: Nota:
C45: Anul I, II, III sunt ani intregi de functionare (a cate 12 luni)

Sheet 3. Cheltuieli Resurse Umane
C2: Proiectie cheltuieli
C4: Cheltuieli cu resursa umana
E5: AN 1
J6: Calculator salarii
B7: Nr. crt. | C7: Functia | D7: Numar persoane | E7: Cheltuiala salariala lunara per angajat (inclusiv impozit pe venit, contributii sociale angajat si angajator) | F7: Numar luni (bugetate) | G7: Total cheltuiala salariala | J7: Numar ore/luna
B8: 1 | C8: Director | D8: 1 | E8: ='1.Buget'!F18 -> 1331 | F8: 10 | G8: =D8*E8*F8 -> 13310 | J8: Salariu tarifar orar | L8: 34
B9: 2 | C9: Florar decorator 1 | D9: 1 | E9: ='1.Buget'!F19 -> 3436 | F9: 10 | G9: =D9*E9*F9 -> 34360 | J9: Total venit brut | L9: =L7*L8 -> 0
B10: 3 | C10: Florar decorator 2 | D10: 1 | E10: ='1.Buget'!F20 -> 1718 | F10: 10 | G10: =D10*E10*F10 -> 17180 | J10: Taxe angajat | K10: %
B11: 4 | G11: =D11*E11*F11 -> 0 | J11: CAS (pensie) | K11: 0.25 | L11: =ROUND(L9*K11,0) -> 0
B12: 5 | G12: =D12*E12*F12 -> 0 | J12: CASS (sanatate) | K12: 0.1 | L12: =ROUND(L9*K12,0) -> 0
C13: Total cheltuieli salariale | G13: =SUM(G8:G12) -> 64850 | J13: Total contributii sociale angajat | L13: =L11+L12 -> 0
J14: Deducere (520 lei)
E15: AN 2 | J15: Baza impozit | L15: =L9-L13 -> 0
J16: Impozit pe venit | K16: 0.1 | L16: =ROUND(L15*K16,0) -> 0
B17: Nr. crt. | C17: Functia | D17: Numar persoane | E17: Cheltuiala salariala lunara per angajat (inclusiv impozit pe venit, contributii sociale angajat si angajator) | F17: Numar luni (bugetate) | G17: Total cheltuiala salariala | J17: Venit net | L17: =L15-L16 -> 0
B18: 1 | C18: =C8 -> Director | D18: 1 | E18: =E8 -> 1331 | F18: 12 | G18: =D18*E18*F18 -> 15972 | J18: Contributie asiguratorie pentru munca (angajator) | K18: 0.0225 | L18: =ROUND(L9*K18,0) -> 0
B19: 2 | C19: =C9 -> Florar decorator 1 | D19: 1 | E19: =E9 -> 3436 | F19: 12 | G19: =D19*E19*F19 -> 41232 | J19: Total cheltuieli salariale | L19: =L13+L17+L18+L16 -> 0
B20: 3 | C20: =C10 -> Florar decorator 2 | D20: 1 | E20: =E10 -> 1718 | F20: 12 | G20: =D20*E20*F20 -> 20616
B21: 4 | G21: =D21*E21*F21 -> 0
B22: 5 | G22: =D22*E22*F22 -> 0
C23: Total cheltuieli salariale | G23: =SUM(G18:G22) -> 77820
E26: AN 3
B28: Nr. crt. | C28: Functia | D28: Numar persoane | E28: Cheltuiala salariala lunara per angajat (inclusiv impozit pe venit, contributii sociale angajat si angajator) | F28: Numar luni (bugetate) | G28: Total cheltuiala salariala
B29: 1 | C29: =C8 -> Director | D29: 1 | E29: =E18 -> 1331 | F29: 12 | G29: =D29*E29*F29 -> 15972
B30: 2 | C30: =C9 -> Florar decorator 1 | D30: 1 | E30: =E19 -> 3436 | F30: 12 | G30: =D30*E30*F30 -> 41232
B31: 3 | C31: =C10 -> Florar decorator 2 | D31: 1 | E31: =E20 -> 1718 | F31: 12 | G31: =D31*E31*F31 -> 20616
B32: 4 | G32: =D32*E32*F32 -> 0
B33: 5 | G33: =D33*E33*F33 -> 0
C34: Total cheltuieli salariale | G34: =SUM(G29:G33) -> 77820

Sheet 4. Cheltuieli materiale& ob inv
C2: Proiectie cheltuieli
C4: Cheltuieli materiale si obiecte de inventar
C6: Obiecte de inventar
C8: An 1 | L8: An 2 | U8: An 3
B10: Nr. crt. | C10: Denumire cheltuială | D10: UM | E10: Numar buc | F10: Pret unitar (fara tva) | G10: Valoare (fara tva) | H10: tva | I10: Valoare cu tva | K10: Nr. crt. | L10: Denumire cheltuială | M10: UM | N10: Numar buc | O10: Pret unitar (fara tva) | P10: Valoare (fara tva) | Q10: tva | R10: Valoare cu tva | T10: Nr. crt. | U10: Denumire cheltuială | V10: UM | W10: Numar buc | X10: Pret unitar (fara tva) | Y10: Valoare (fara tva) | Z10: tva | AA10: Valoare cu tva
B11: 1 | C11: ='1.Buget'!C23 -> Laptop | D11: buc | E11: ='1.Buget'!E23 -> 1 | F11: ='1.Buget'!F23 -> 1638.66 | G11: =E11*F11 -> 1638.66 | H11: =ROUND(G11*19%,2) -> 311.35 | I11: =G11+H11 -> 1950.01 | K11: 1 | P11: =N11*O11 -> 0 | Q11: =ROUND(P11*19%,2) -> 0 | R11: =P11+Q11 -> 0 | T11: 1 | Y11: =W11*X11 -> 0 | Z11: =ROUND(Y11*19%,2) -> 0 | AA11: =Y11+Z11 -> 0
B12: 2 | C12: ='1.Buget'!C24 -> Imprimanta | D12: buc | E12: ='1.Buget'!E24 -> 1 | F12: ='1.Buget'!F24 -> 739.5 | G12: =E12*F12 -> 739.5 | H12: =ROUND(G12*19%,2) -> 140.51 | I12: =G12+H12 -> 880.01 | K12: 2 | P12: =N12*O12 -> 0 | Q12: =ROUND(P12*19%,2) -> 0 | R12: =P12+Q12 -> 0 | T12: 2 | Y12: =W12*X12 -> 0 | Z12: =ROUND(Y12*19%,2) -> 0 | AA12: =Y12+Z12 -> 0
B13: 3 | C13: ='1.Buget'!C25 -> Birou | D13: buc | E13: ='1.Buget'!E25 -> 1 | F13: ='1.Buget'!F25 -> 463.87 | G13: =E13*F13 -> 463.87 | H13: =ROUND(G13*19%,2) -> 88.14 | I13: =G13+H13 -> 552.01 | K13: 3 | P13: =N13*O13 -> 0 | Q13: =ROUND(P13*19%,2) -> 0 | R13: =P13+Q13 -> 0 | T13: 3 | Y13: =W13*X13 -> 0 | Z13: =ROUND(Y13*19%,2) -> 0 | AA13: =Y13+Z13 -> 0
B14: 4 | C14: ='1.Buget'!C26 -> Scaune | D14: buc | E14: ='1.Buget'!E26 -> 4 | F14: ='1.Buget'!F26 -> 125.5 | G14: =E14*F14 -> 502 | H14: =ROUND(G14*19%,2) -> 95.38 | I14: =G14+H14 -> 597.38 | K14: 4 | P14: =N14*O14 -> 0 | Q14: =ROUND(P14*19%,2) -> 0 | R14: =P14+Q14 -> 0 | T14: 4 | Y14: =W14*X14 -> 0 | Z14: =ROUND(Y14*19%,2) -> 0 | AA14: =Y14+Z14 -> 0
B15: 5 | C15: ='1.Buget'!C27 -> Masa lucru | D15: buc | E15: ='1.Buget'!E27 -> 1 | F15: ='1.Buget'!F27 -> 500 | G15: =E15*F15 -> 500 | H15: =ROUND(G15*19%,2) -> 95 | I15: =G15+H15 -> 595 | K15: 5 | P15: =N15*O15 -> 0 | Q15: =ROUND(P15*19%,2) -> 0 | R15: =P15+Q15 -> 0 | T15: 5 | Y15: =W15*X15 -> 0 | Z15: =ROUND(Y15*19%,2) -> 0 | AA15: =Y15+Z15 -> 0
B16: 6 | C16: ='1.Buget'!C28 -> Rafturi | D16: buc | E16: ='1.Buget'!E28 -> 2 | F16: ='1.Buget'!F28 -> 302.52 | G16: =E16*F16 -> 605.04 | H16: =ROUND(G16*19%,2) -> 114.96 | I16: =G16+H16 -> 720 | K16: 6 | P16: =N16*O16 -> 0 | Q16: =ROUND(P16*19%,2) -> 0 | R16: =P16+Q16 -> 0 | T16: 6 | Y16: =W16*X16 -> 0 | Z16: =ROUND(Y16*19%,2) -> 0 | AA16: =Y16+Z16 -> 0
B17: 7 | C17: ='1.Buget'!C29 -> Canistre flori | D17: buc | E17: ='1.Buget'!E29 -> 20 | F17: ='1.Buget'!F29 -> 20 | G17: =E17*F17 -> 400 | H17: =ROUND(G17*19%,2) -> 76 | I17: =G17+H17 -> 476 | K17: 7 | P17: =N17*O17 -> 0 | Q17: =ROUND(P17*19%,2) -> 0 | R17: =P17+Q17 -> 0 | T17: 7 | Y17: =W17*X17 -> 0 | Z17: =ROUND(Y17*19%,2) -> 0 | AA17: =Y17+Z17 -> 0
B18: 8 | C18: ='1.Buget'!C30 -> Pistol silicon | D18: buc | E18: ='1.Buget'!E30 -> 2 | F18: ='1.Buget'!F30 -> 50 | G18: =E18*F18 -> 100 | H18: =ROUND(G18*19%,2) -> 19 | I18: =G18+H18 -> 119 | K18: 8 | P18: =N18*O18 -> 0 | Q18: =ROUND(P18*19%,2) -> 0 | R18: =P18+Q18 -> 0 | T18: 8 | Y18: =W18*X18 -> 0 | Z18: =ROUND(Y18*19%,2) -> 0 | AA18: =Y18+Z18 -> 0
B19: 9 | C19: ='1.Buget'!C31 -> Casa de marcat electronica | D19: buc | E19: ='1.Buget'!E31 -> 1 | F19: ='1.Buget'!F31 -> 714.29 | G19: =E19*F19 -> 714.29 | H19: =ROUND(G19*19%,2) -> 135.72 | I19: =G19+H19 -> 850.01 | K19: 9 | P19: =N19*O19 -> 0 | Q19: =ROUND(P19*19%,2) -> 0 | R19: =P19+Q19 -> 0 | T19: 9 | Y19: =W19*X19 -> 0 | Z19: =ROUND(Y19*19%,2) -> 0 | AA19: =Y19+Z19 -> 0
B20: 10 | G20: =E20*F20 -> 0 | H20: =ROUND(G20*19%,2) -> 0 | I20: =G20+H20 -> 0 | K20: 10 | P20: =N20*O20 -> 0 | Q20: =ROUND(P20*19%,2) -> 0 | R20: =P20+Q20 -> 0 | T20: 10 | Y20: =W20*X20 -> 0 | Z20: =ROUND(Y20*19%,2) -> 0 | AA20: =Y20+Z20 -> 0
B21: 11 | G21: =E21*F21 -> 0 | H21: =ROUND(G21*19%,2) -> 0 | I21: =G21+H21 -> 0 | K21: 11 | P21: =N21*O21 -> 0 | Q21: =ROUND(P21*19%,2) -> 0 | R21: =P21+Q21 -> 0 | T21: 11 | Y21: =W21*X21 -> 0 | Z21: =ROUND(Y21*19%,2) -> 0 | AA21: =Y21+Z21 -> 0
B22: 12 | G22: =E22*F22 -> 0 | H22: =ROUND(G22*19%,2) -> 0 | I22: =G22+H22 -> 0 | K22: 12 | P22: =N22*O22 -> 0 | Q22: =ROUND(P22*19%,2) -> 0 | R22: =P22+Q22 -> 0 | T22: 12 | Y22: =W22*X22 -> 0 | Z22: =ROUND(Y22*19%,2) -> 0 | AA22: =Y22+Z22 -> 0
C23: Total | G23: =SUM(G11:G22) -> 5663.36 | H23: =SUM(H11:H22) -> 1076.06 | I23: =SUM(I11:I22) -> 6739.42 | L23: Total | P23: =SUM(P11:P22) -> 0 | Q23: =SUM(Q11:Q22) -> 0 | R23: =SUM(R11:R22) -> 0 | U23: Total | Y23: =SUM(Y11:Y22) -> 0 | Z23: =SUM(Z11:Z22) -> 0 | AA23: =SUM(AA11:AA22) -> 0
C25: Cheltuieli materiale
C27: An 1 | L27: An 2 | U27: An 3
B29: Nr. crt. | C29: Denumire cheltuială | D29: UM | E29: Numar luni | F29: Valoare medie lunara (fara tva) | G29: Valoare medie anuala (fara tva) | H29: tva | I29: Valoare cu tva | K29: Nr. crt. | L29: Denumire cheltuială | M29: UM | N29: Numar luni | O29: Valoare medie lunara (fara tva) | P29: Valoare medie anuala (fara tva) | Q29: tva | R29: Valoare cu tva | T29: Nr. crt. | U29: Denumire cheltuială | V29: UM | W29: Numar luni | X29: Valoare medie lunara (fara tva) | Y29: Valoare medie anuala (fara tva) | Z29: tva | AA29: Valoare cu tva
B30: 1 | C30: ='1.Buget'!C32 -> Materia prima si materiale accesorii, consumabile | D30: luni | E30: ='1.Buget'!E32 -> 10 | F30: ='1.Buget'!F32 -> 4030.1 | G30: =E30*F30 -> 40301 | H30: =ROUND(G30*19%,2) -> 7657.19 | I30: =G30+H30 -> 47958.19 | K30: 1 | L30: =C30 -> Materia prima si materiale accesorii, consumabile | M30: luni | N30: 12 | O30: ='6. Venituri'!O14*0.3/12 -> 5400 | P30: =N30*O30 -> 64800 | Q30: =ROUND(P30*19%,2) -> 12312 | R30: =P30+Q30 -> 77112 | T30: 1 | U30: =C30 -> Materia prima si materiale accesorii, consumabile | V30: luni | W30: 12 | X30: ='6. Venituri'!V14*0.3/12 -> 7020 | Y30: =W30*X30 -> 84240 | Z30: =ROUND(Y30*19%,2) -> 16005.6 | AA30: =Y30+Z30 -> 100245.6
G31: =E31*F31 -> 0 | H31: =ROUND(G31*19%,2) -> 0 | I31: =G31+H31 -> 0 | P31: =N31*O31 -> 0 | Q31: =ROUND(P31*19%,2) -> 0 | R31: =P31+Q31 -> 0 | Y31: =W31*X31 -> 0 | Z31: =ROUND(Y31*19%,2) -> 0 | AA31: =Y31+Z31 -> 0
G32: =E32*F32 -> 0 | H32: =ROUND(G32*19%,2) -> 0 | I32: =G32+H32 -> 0 | P32: =N32*O32 -> 0 | Q32: =ROUND(P32*19%,2) -> 0 | R32: =P32+Q32 -> 0 | Y32: =W32*X32 -> 0 | Z32: =ROUND(Y32*19%,2) -> 0 | AA32: =Y32+Z32 -> 0
G33: =E33*F33 -> 0 | H33: =ROUND(G33*19%,2) -> 0 | I33: =G33+H33 -> 0 | P33: =N33*O33 -> 0 | Q33: =ROUND(P33*19%,2) -> 0 | R33: =P33+Q33 -> 0 | Y33: =W33*X33 -> 0 | Z33: =ROUND(Y33*19%,2) -> 0 | AA33: =Y33+Z33 -> 0
G34: =E34*F34 -> 0 | H34: =ROUND(G34*19%,2) -> 0 | I34: =G34+H34 -> 0 | P34: =N34*O34 -> 0 | Q34: =ROUND(P34*19%,2) -> 0 | R34: =P34+Q34 -> 0 | Y34: =W34*X34 -> 0 | Z34: =ROUND(Y34*19%,2) -> 0 | AA34: =Y34+Z34 -> 0
G35: =E35*F35 -> 0 | H35: =ROUND(G35*19%,2) -> 0 | I35: =G35+H35 -> 0 | P35: =N35*O35 -> 0 | Q35: =ROUND(P35*19%,2) -> 0 | R35: =P35+Q35 -> 0 | Y35: =W35*X35 -> 0 | Z35: =ROUND(Y35*19%,2) -> 0 | AA35: =Y35+Z35 -> 0
G36: =E36*F36 -> 0 | H36: =ROUND(G36*19%,2) -> 0 | I36: =G36+H36 -> 0 | P36: =N36*O36 -> 0 | Q36: =ROUND(P36*19%,2) -> 0 | R36: =P36+Q36 -> 0 | Y36: =W36*X36 -> 0 | Z36: =ROUND(Y36*19%,2) -> 0 | AA36: =Y36+Z36 -> 0
G37: =E37*F37 -> 0 | H37: =ROUND(G37*19%,2) -> 0 | I37: =G37+H37 -> 0 | P37: =N37*O37 -> 0 | Q37: =ROUND(P37*19%,2) -> 0 | R37: =P37+Q37 -> 0 | Y37: =W37*X37 -> 0 | Z37: =ROUND(Y37*19%,2) -> 0 | AA37: =Y37+Z37 -> 0
G38: =E38*F38 -> 0 | H38: =ROUND(G38*19%,2) -> 0 | I38: =G38+H38 -> 0 | P38: =N38*O38 -> 0 | Q38: =ROUND(P38*19%,2) -> 0 | R38: =P38+Q38 -> 0 | Y38: =W38*X38 -> 0 | Z38: =ROUND(Y38*19%,2) -> 0 | AA38: =Y38+Z38 -> 0
G39: =E39*F39 -> 0 | H39: =ROUND(G39*19%,2) -> 0 | I39: =G39+H39 -> 0 | P39: =N39*O39 -> 0 | Q39: =ROUND(P39*19%,2) -> 0 | R39: =P39+Q39 -> 0 | Y39: =W39*X39 -> 0 | Z39: =ROUND(Y39*19%,2) -> 0 | AA39: =Y39+Z39 -> 0
G40: =E40*F40 -> 0 | H40: =ROUND(G40*19%,2) -> 0 | I40: =G40+H40 -> 0 | P40: =N40*O40 -> 0 | Q40: =ROUND(P40*19%,2) -> 0 | R40: =P40+Q40 -> 0 | Y40: =W40*X40 -> 0 | Z40: =ROUND(Y40*19%,2) -> 0 | AA40: =Y40+Z40 -> 0
G41: =E41*F41 -> 0 | H41: =ROUND(G41*19%,2) -> 0 | I41: =G41+H41 -> 0 | P41: =N41*O41 -> 0 | Q41: =ROUND(P41*19%,2) -> 0 | R41: =P41+Q41 -> 0 | Y41: =W41*X41 -> 0 | Z41: =ROUND(Y41*19%,2) -> 0 | AA41: =Y41+Z41 -> 0
C42: Total | G42: =SUM(G30:G41) -> 40301 | H42: =SUM(H30:H41) -> 7657.19 | I42: =SUM(I30:I41) -> 47958.19 | L42: Total | P42: =SUM(P30:P41) -> 64800 | Q42: =SUM(Q30:Q41) -> 12312 | R42: =SUM(R30:R41) -> 77112 | U42: Total | Y42: =SUM(Y30:Y41) -> 84240 | Z42: =SUM(Z30:Z41) -> 16005.6 | AA42: =SUM(AA30:AA41) -> 100245.6
B44: Nota
B45: Anul I, II, III sunt ani intregi de functionare (a cate 12 luni)

Sheet 5.Cheltuieli Utilitati & Altele
C2: Proiectie cheltuieli
B3: UTILITATI | J3: UTILITATI | R3: UTILITATI
E4: AN 1 | M4: AN 2 | U4: AN 3
B6: nr. crt. | C6: denumire utilitati | D6: nr. luni | E6: valoare consum lunar fara tva | F6: valoare totala fara tva | G6: tva | H6: valoare totala cu tva | J6: nr. crt. | K6: denumire utilitati | L6: nr. luni | M6: valoare consum lunar fara tva | N6: valoare totala fara tva | O6: tva | P6: valoare totala cu tva | R6: nr. crt. | S6: denumire utilitati | T6: nr. luni | U6: valoare consum lunar fara tva | V6: valoare totala fara tva | W6: tva | X6: valoare totala cu tva
B7: 1 | C7: ='1.Buget'!C36 -> Utilitati spatiu atelier | D7: ='1.Buget'!E34 -> 11 | E7: ='1.Buget'!F34 -> 500 | F7: =D7*E7 -> 5500 | G7: =ROUND(F7*19%,2) -> 1045 | H7: =F7+G7 -> 6545 | J7: 1 | K7: =C7 -> Utilitati spatiu atelier | L7: 12 | M7: =E7 -> 500 | N7: =L7*M7 -> 6000 | O7: =ROUND(N7*19%,2) -> 1140 | P7: =N7+O7 -> 7140 | R7: 1 | S7: =C7 -> Utilitati spatiu atelier | T7: 12 | U7: =M7 -> 500 | V7: =T7*U7 -> 6000 | W7: =ROUND(V7*19%,2) -> 1140 | X7: =V7+W7 -> 7140
B8: 2 | F8: =D8*E8 -> 0 | G8: =ROUND(F8*19%,2) -> 0 | H8: =F8+G8 -> 0 | J8: 2 | N8: =L8*M8 -> 0 | O8: =ROUND(N8*19%,2) -> 0 | P8: =N8+O8 -> 0 | R8: 2 | V8: =T8*U8 -> 0 | W8: =ROUND(V8*19%,2) -> 0 | X8: =V8+W8 -> 0
B9: 3 | F9: =D9*E9 -> 0 | G9: =ROUND(F9*19%,2) -> 0 | H9: =F9+G9 -> 0 | J9: 3 | N9: =L9*M9 -> 0 | O9: =ROUND(N9*19%,2) -> 0 | P9: =N9+O9 -> 0 | R9: 3 | V9: =T9*U9 -> 0 | W9: =ROUND(V9*19%,2) -> 0 | X9: =V9+W9 -> 0
B10: 4 | F10: =D10*E10 -> 0 | G10: =ROUND(F10*19%,2) -> 0 | H10: =F10+G10 -> 0 | J10: 4 | N10: =L10*M10 -> 0 | O10: =ROUND(N10*19%,2) -> 0 | P10: =N10+O10 -> 0 | R10: 4 | V10: =T10*U10 -> 0 | W10: =ROUND(V10*19%,2) -> 0 | X10: =V10+W10 -> 0
B11: 5 | F11: =D11*E11 -> 0 | G11: =ROUND(F11*19%,2) -> 0 | H11: =F11+G11 -> 0 | J11: 5 | N11: =L11*M11 -> 0 | O11: =ROUND(N11*19%,2) -> 0 | P11: =N11+O11 -> 0 | R11: 5 | V11: =T11*U11 -> 0 | W11: =ROUND(V11*19%,2) -> 0 | X11: =V11+W11 -> 0
B12: 6 | F12: =D12*E12 -> 0 | G12: =ROUND(F12*19%,2) -> 0 | H12: =F12+G12 -> 0 | J12: 6 | N12: =L12*M12 -> 0 | O12: =ROUND(N12*19%,2) -> 0 | P12: =N12+O12 -> 0 | R12: 6 | V12: =T12*U12 -> 0 | W12: =ROUND(V12*19%,2) -> 0 | X12: =V12+W12 -> 0
B13: Total | F13: =SUM(F7:F12) -> 5500 | G13: =SUM(G7:G12) -> 1045 | H13: =SUM(H7:H12) -> 6545 | J13: Total | N13: =SUM(N7:N12) -> 6000 | O13: =SUM(O7:O12) -> 1140 | P13: =SUM(P7:P12) -> 7140 | R13: Total | V13: =SUM(V7:V12) -> 6000 | W13: =SUM(W7:W12) -> 1140 | X13: =SUM(X7:X12) -> 7140
B16: SERVICII | J16: SERVICII | R16: SERVICII
B18: nr. crt. | C18: denumire servicii | D18: nr. luni | E18: valoare servicii lunare fara tva | F18: valoare totala fara tva | G18: tva | H18: valoare totala cu tva | J18: nr. crt. | K18: denumire servicii | L18: nr. luni | M18: valoare servicii lunare fara tva | N18: valoare totala fara tva | O18: tva | P18: valoare totala cu tva | R18: nr. crt. | S18: denumire servicii | T18: nr. luni | U18: valoare servicii lunare fara tva | V18: valoare totala fara tva | W18: tva | X18: valoare totala cu tva
B19: 1 | C19: ='1.Buget'!C34 -> Servicii contabilitate, personal | D19: ='1.Buget'!E34 -> 11 | E19: ='1.Buget'!F34 -> 500 | F19: =D19*E19 -> 5500 | G19: =ROUND(F19*19%,2) -> 1045 | H19: =F19+G19 -> 6545 | J19: 1 | K19: =C19 -> Servicii contabilitate, personal | L19: 12 | M19: =E19 -> 500 | N19: =L19*M19 -> 6000 | O19: =ROUND(N19*19%,2) -> 1140 | P19: =N19+O19 -> 7140 | R19: 1 | S19: =C19 -> Servicii contabilitate, personal | T19: 12 | U19: =E19 -> 500 | V19: =T19*U19 -> 6000 | W19: =ROUND(V19*19%,2) -> 1140 | X19: =V19+W19 -> 7140
B20: 2 | C20: ='1.Buget'!C37 -> Promovare online | D20: ='1.Buget'!E37 -> 10 | E20: ='1.Buget'!F37 -> 300 | F20: =D20*E20 -> 3000 | G20: =ROUND(F20*19%,2) -> 570 | H20: =F20+G20 -> 3570 | J20: 2 | K20: =C20 -> Promovare online | L20: 12 | M20: =E20 -> 300 | N20: =L20*M20 -> 3600 | O20: =ROUND(N20*19%,2) -> 684 | P20: =N20+O20 -> 4284 | R20: 2 | S20: =C20 -> Promovare online | T20: 12 | U20: =E20 -> 300 | V20: =T20*U20 -> 3600 | W20: =ROUND(V20*19%,2) -> 684 | X20: =V20+W20 -> 4284
B21: 3 | F21: =D21*E21 -> 0 | G21: =ROUND(F21*19%,2) -> 0 | H21: =F21+G21 -> 0 | J21: 3 | N21: =L21*M21 -> 0 | O21: =ROUND(N21*19%,2) -> 0 | P21: =N21+O21 -> 0 | R21: 3 | V21: =T21*U21 -> 0 | W21: =ROUND(V21*19%,2) -> 0 | X21: =V21+W21 -> 0
B22: 4 | F22: =D22*E22 -> 0 | G22: =ROUND(F22*19%,2) -> 0 | H22: =F22+G22 -> 0 | J22: 4 | N22: =L22*M22 -> 0 | O22: =ROUND(N22*19%,2) -> 0 | P22: =N22+O22 -> 0 | R22: 4 | V22: =T22*U22 -> 0 | W22: =ROUND(V22*19%,2) -> 0 | X22: =V22+W22 -> 0
B23: 5 | F23: =D23*E23 -> 0 | G23: =ROUND(F23*19%,2) -> 0 | H23: =F23+G23 -> 0 | J23: 5 | N23: =L23*M23 -> 0 | O23: =ROUND(N23*19%,2) -> 0 | P23: =N23+O23 -> 0 | R23: 5 | V23: =T23*U23 -> 0 | W23: =ROUND(V23*19%,2) -> 0 | X23: =V23+W23 -> 0
B24: 6 | F24: =D24*E24 -> 0 | G24: =ROUND(F24*19%,2) -> 0 | H24: =F24+G24 -> 0 | J24: 6 | N24: =L24*M24 -> 0 | O24: =ROUND(N24*19%,2) -> 0 | P24: =N24+O24 -> 0 | R24: 6 | V24: =T24*U24 -> 0 | W24: =ROUND(V24*19%,2) -> 0 | X24: =V24+W24 -> 0
B25: Total | F25: =SUM(F19:F24) -> 8500 | G25: =SUM(G19:G24) -> 1615 | H25: =SUM(H19:H24) -> 10115 | J25: Total | N25: =SUM(N19:N24) -> 9600 | O25: =SUM(O19:O24) -> 1824 | P25: =SUM(P19:P24) -> 11424 | R25: Total | V25: =SUM(V19:V24) -> 9600 | W25: =SUM(W19:W24) -> 1824 | X25: =SUM(X19:X24) -> 11424
B28: CHIRII
B30: nr. crt. | C30: denumire | D30: nr. luni | E30: valoare consum lunar fara tva | F30: valoare totala fara tva | G30: tva | H30: valoare totala cu tva | J30: nr. crt. | K30: denumire | L30: nr. luni | M30: valoare consum lunar fara tva | N30: valoare totala fara tva | O30: tva | P30: valoare totala cu tva | R30: nr. crt. | S30: denumire | T30: nr. luni | U30: valoare consum lunar fara tva | V30: valoare totala fara tva | W30: tva | X30: valoare totala cu tva
B31: 1 | C31: ='1.Buget'!C35 -> Chirie spatiu atelier | D31: ='1.Buget'!E35 -> 10 | E31: ='1.Buget'!F35 -> 2000 | F31: =D31*E31 -> 20000 | G31: =ROUND(F31*19%,2) -> 3800 | H31: =F31+G31 -> 23800 | J31: 1 | K31: =C31 -> Chirie spatiu atelier | L31: 12 | M31: =E31 -> 2000 | N31: =L31*M31 -> 24000 | O31: =ROUND(N31*19%,2) -> 4560 | P31: =N31+O31 -> 28560 | R31: 1 | S31: =C31 -> Chirie spatiu atelier | T31: 12 | U31: =E31 -> 2000 | V31: =T31*U31 -> 24000 | W31: =ROUND(V31*19%,2) -> 4560 | X31: =V31+W31 -> 28560
B32: 2 | F32: =D32*E32 -> 0 | G32: =ROUND(F32*19%,2) -> 0 | H32: =F32+G32 -> 0 | J32: 2 | N32: =L32*M32 -> 0 | O32: =ROUND(N32*19%,2) -> 0 | P32: =N32+O32 -> 0 | R32: 2 | V32: =T32*U32 -> 0 | W32: =ROUND(V32*19%,2) -> 0 | X32: =V32+W32 -> 0
B33: 3 | F33: =D33*E33 -> 0 | G33: =ROUND(F33*19%,2) -> 0 | H33: =F33+G33 -> 0 | J33: 3 | N33: =L33*M33 -> 0 | O33: =ROUND(N33*19%,2) -> 0 | P33: =N33+O33 -> 0 | R33: 3 | V33: =T33*U33 -> 0 | W33: =ROUND(V33*19%,2) -> 0 | X33: =V33+W33 -> 0
B34: 4 | F34: =D34*E34 -> 0 | G34: =ROUND(F34*19%,2) -> 0 | H34: =F34+G34 -> 0 | J34: 4 | N34: =L34*M34 -> 0 | O34: =ROUND(N34*19%,2) -> 0 | P34: =N34+O34 -> 0 | R34: 4 | V34: =T34*U34 -> 0 | W34: =ROUND(V34*19%,2) -> 0 | X34: =V34+W34 -> 0
B35: Total | F35: =SUM(F31:F34) -> 20000 | G35: =SUM(G31:G34) -> 3800 | H35: =SUM(H31:H34) -> 23800 | J35: Total | N35: =SUM(N31:N34) -> 24000 | O35: =SUM(O31:O34) -> 4560 | P35: =SUM(P31:P34) -> 28560 | R35: Total | V35: =SUM(V31:V34) -> 24000 | W35: =SUM(W31:W34) -> 4560 | X35: =SUM(X31:X34) -> 28560
B39: Nota
B40: Anul I, II, III sunt ani intregi de functionare (a cate 12 luni)

Sheet 6. Venituri
C2: PROIECTIE VENITURI
B4: Nr. crt. | C4: Denumire produs/ serviciu | D4: AN 1 | K4: AN 2 | R4: AN 3
D5: UM | E5: Cantitate estimată, lunar | F5: Numar luni | G5: Preț unitar fara tva (lei) | H5: Valoare estimata fara tva (lei) | I5: Valoare tva (lei) | J5: Valoare estimată inclusiv tva, AN 1 (lei) | K5: UM | L5: Cantitate estimată, lunar | M5: Numar luni | N5: Preț unitar fara tva (lei) | O5: Valoare estimata fara tva (lei) | P5: Valoare tva (lei) | Q5: Valoare estimată inclusiv tva, AN 2 (lei) | R5: UM | S5: Cantitate estimată, lunar | T5: Numar luni | U5: Preț unitar fara tva (lei) | V5: Valoare estimata fara tva (lei) | W5: Valoare tva (lei) | X5: Valoare estimată inclusiv tva, AN 3 (lei)
B6: 1 | C6: Aranjament floral | D6: buc | E6: 100 | F6: 10 | G6: 100 | H6: =E6*F6*G6 -> 100000 | I6: 0 | J6: =H6+I6 -> 100000 | K6: buc | L6: 120 | M6: 12 | N6: 100 | O6: =L6*M6*N6 -> 144000 | P6: 0 | Q6: =O6+P6 -> 144000 | R6: buc | S6: 150 | T6: 12 | U6: 100 | V6: =S6*T6*U6 -> 180000 | W6: 0 | X6: =V6+W6 -> 180000
B7: 2 | C7: Buchete | D7: buc | E7: 3 | F7: 10 | G7: 200 | H7: =E7*F7*G7 -> 6000 | I7: 0 | J7: =H7+I7 -> 6000 | K7: buc | L7: 5 | M7: 12 | N7: =G7 -> 200 | O7: =L7*M7*N7 -> 12000 | P7: 0 | Q7: =O7+P7 -> 12000 | R7: buc | S7: 7 | T7: 12 | U7: =G7 -> 200 | V7: =S7*T7*U7 -> 16800 | W7: 0 | X7: =V7+W7 -> 16800
B8: 3 | C8: Lumanari nunti | D8: buc | E8: 3 | F8: 10 | G8: 700 | H8: =E8*F8*G8 -> 21000 | I8: 0 | J8: =H8+I8 -> 21000 | K8: buc | L8: 5 | M8: 12 | N8: =G8 -> 700 | O8: =L8*M8*N8 -> 42000 | P8: 0 | Q8: =O8+P8 -> 42000 | R8: buc | S8: 7 | T8: 12 | U8: =G8 -> 700 | V8: =S8*T8*U8 -> 58800 | W8: 0 | X8: =V8+W8 -> 58800
B9: 4 | C9: Lumanari botez | D9: buc | E9: 3 | F9: 10 | G9: 300 | H9: =E9*F9*G9 -> 9000 | I9: 0 | J9: =H9+I9 -> 9000 | K9: buc | L9: 5 | M9: 12 | N9: =G9 -> 300 | O9: =L9*M9*N9 -> 18000 | P9: 0 | Q9: =O9+P9 -> 18000 | R9: buc | S9: 7 | T9: 12 | U9: =G9 -> 300 | V9: =S9*T9*U9 -> 25200 | W9: 0 | X9: =V9+W9 -> 25200
H10: =E10*F10*G10 -> 0 | I10: 0 | J10: =H10+I10 -> 0 | O10: =L10*M10*N10 -> 0 | P10: 0 | Q10: =O10+P10 -> 0 | V10: =S10*T10*U10 -> 0 | W10: 0 | X10: =V10+W10 -> 0
H11: =E11*F11*G11 -> 0 | I11: 0 | J11: =H11+I11 -> 0 | O11: =L11*M11*N11 -> 0 | P11: 0 | Q11: =O11+P11 -> 0 | V11: =S11*T11*U11 -> 0 | W11: 0 | X11: =V11+W11 -> 0
H12: =E12*F12*G12 -> 0 | I12: 0 | J12: =H12+I12 -> 0 | O12: =L12*M12*N12 -> 0 | P12: 0 | Q12: =O12+P12 -> 0 | V12: =S12*T12*U12 -> 0 | W12: 0 | X12: =V12+W12 -> 0
H13: =E13*F13*G13 -> 0 | I13: 0 | J13: =H13+I13 -> 0 | O13: =L13*M13*N13 -> 0 | P13: 0 | Q13: =O13+P13 -> 0 | V13: =S13*T13*U13 -> 0 | W13: 0 | X13: =V13+W13 -> 0
C14: Total | H14: =SUM(H6:H13) -> 136000 | I14: =SUM(I6:I13) -> 0 | J14: =SUM(J6:J13) -> 136000 | O14: =SUM(O6:O13) -> 216000 | P14: =SUM(P6:P13) -> 0 | Q14: =SUM(Q6:Q13) -> 216000 | V14: =SUM(V6:V13) -> 280800 | W14: =SUM(W6:W13) -> 0 | X14: =SUM(X6:X13) -> 280800
C18: Nota
C19: Anul I, II, III sunt ani intregi de functionare (a cate 12 luni)

Sheet Cont de profit
C2: CONT DE PROFIT SI PIERDERI
D4: AN 2019 | E4: AN 2020 | F4: AN 2021
B5: 1 | C5: Cifra de afaceri netă (productia vanduta, comercializarea marfurilor+..)
B6: 2 | C6: Venituri din exploatare | D6: ='6. Venituri'!J14 -> 136000 | E6: ='6. Venituri'!Q14 -> 216000 | F6: ='6. Venituri'!X14 -> 280800
B7: 3 | C7: Alte venituri din exploatare | D7: ='1.Buget'!I22+'1.Buget'!I33+'1.Buget'!I43+'1.Buget'!I17*9/36+'1.Buget'!I11*9/108 -> 160938.16 | E7: =E16 -> 3620.7278 | F7: =F16 -> 3620.7278
B8: 4 | C8: VENITURI DIN EXPLOATARE – TOTAL rd.2+3 | D8: =D5+D6+D7 -> 296938.16 | E8: =E5+E6+E7 -> 219620.73 | F8: =F5+F6+F7 -> 284420.73
B9: 5 | C9: Cheltuieli cu materii prime/marfuri şi materiale consumabile aferente activităţii desfaşurate | D9: ='4. Cheltuieli materiale& ob inv'!I42 -> 47958.19 | E9: ='4. Cheltuieli materiale& ob inv'!R42 -> 77112 | F9: ='4. Cheltuieli materiale& ob inv'!AA42 -> 100245.6
B10: 6 | C10: Salarii (inclusiv cheltuielile aferente) | D10: ='3. Cheltuieli Resurse Umane'!G13 -> 64850 | E10: ='3. Cheltuieli Resurse Umane'!G23 -> 77820 | F10: ='3. Cheltuieli Resurse Umane'!G34 -> 77820
B11: 7 | C11: Chirii | D11: ='5.Cheltuieli Utilitati & Altele'!H35 -> 23800 | E11: ='5.Cheltuieli Utilitati & Altele'!P35 -> 28560 | F11: ='5.Cheltuieli Utilitati & Altele'!X35 -> 28560
B12: 8 | C12: Utilităţi | D12: ='5.Cheltuieli Utilitati & Altele'!H13 -> 6545 | E12: ='5.Cheltuieli Utilitati & Altele'!P13 -> 7140 | F12: ='5.Cheltuieli Utilitati & Altele'!X13 -> 7140
B13: 9 | C13: Costuri funcţionare birou, Cheltuieli de marketing, Reparaţii/Întreţinere (Servicii) | D13: ='5.Cheltuieli Utilitati & Altele'!H25 -> 10115 | E13: ='5.Cheltuieli Utilitati & Altele'!P25 -> 11424 | F13: ='5.Cheltuieli Utilitati & Altele'!X25 -> 11424
B14: 10 | C14: Asigurări
B15: 11 | C15: Impozite, taxe şi vărsăminte asimilate, Impozitul pe profit
B16: 12 | C16: Alte cheltuieli | D16: ='1.Buget'!I17*9/36+'1.Buget'!I11*9/108 -> 2715.5458 | E16: ='1.Buget'!I17*12/36+'1.Buget'!I11*12/108 -> 3620.7278 | F16: =E16 -> 3620.7278
B17: 13 | C17: TOTAL CHELTUIELI (RD.5-12) | D17: =SUM(D9:D16) -> 155983.74 | E17: =SUM(E9:E16) -> 205676.73 | F17: =SUM(F9:F16) -> 228810.33
B18: 14 | C18: PROFITUL SAU PIERDEREA DIN EXPLOATARE:
B19: 15 | C19: Profit (RD.4-13) | D19: =D8-D17 -> 140954.42 | E19: =E8-E17 -> 13944 | F19: =F8-F17 -> 55610.4
B20: 16 | C20: Pierdere (RD.13-4)
B21: 17 | C21: VENITURI FINANCIARE – TOTAL
B22: 18 | C22: CHELTUIELI FINANCIARE - TOTAL
B23: 19 | C23: PROFITUL SAU PIERDEREA FINANCIAR(Ă) (RD.17-18) | D23: =D21-D22 -> 0 | E23: =E21-E22 -> 0 | F23: =F21-F22 -> 0
B24: 20 | C24: VENITURI TOTALE (RD.4+17) | D24: =D8+D21 -> 296938.16 | E24: =E8+E21 -> 219620.73 | F24: =F8+F21 -> 284420.73
B25: 21 | C25: CHELTUIELI TOTALE (RD.13+18) | D25: =D17+D22 -> 155983.74 | E25: =E17+E22 -> 205676.73 | F25: =F17+F22 -> 228810.33
B26: 22 | C26: 18. PROFITUL SAU PIERDEREA BRUT(Ă): | D26: =D24-D25 -> 140954.42 | E26: =E24-E25 -> 13944 | F26: =F24-F25 -> 55610.4
B27: 23 | C27: Profit (Rd. 20-21) | D27: =D24-D25 -> 140954.42 | E27: =E24-E25 -> 13944 | F27: =F24-F25 -> 55610.4
B28: 24 | C28: Pierdere (Rd. 21-20) | D28: 0 | E28: 0 | F28: 0
B29: 25 | C29: Impozitul pe profit (ct.691)
B30: 26 | C30: Alte impozite neprezentate la elementele de mai sus (ct.698) | D30: =D8*1% -> 2969.3816 | E30: =E8*1% -> 2196.2073 | F30: =F8*1% -> 2844.2073
B31: 27 | C31: PROFITUL SAU PIERDEREA NET(Ă) A EXERCIŢIULUI FINANCIAR:
B32: 28 | C32: Profit (rd. 64 - 65 - 66 - 67) 68 | D32: =D27-D28-D29-D30 -> 137985.04 | E32: =E27-E28-E29-E30 -> 11747.793 | F32: =F27-F28-F29-F30 -> 52766.193
B33: 29 | C33: Pierdere (rd. 65 + 66 + 67 - 64) | D33: =D28+D29+D30-D27 -> -137985.04 | E33: =E28+E29+E30-E27 -> -11747.793 | F33: =F28+F29+F30-F27 -> -52766.193

Sheet Prev. Bilant
C1: BILANT PREVIZIONAT
E4: Nr. rd. | F4: perioada
B7: A | E7: B | F7: 2019 | G7: 2020 | H7: 2021
C8: ACTIVE IMOBILIZATE
C9: I. IMOBILIZĂRI NECORPORALE (ct.201+203+205+206+2071+4094+208-280-290) | E9: 1
C10: II. IMOBILIZĂRI CORPORALE (ct.211+212+213+214+215+216+217+223+224+227+231 +235+4093-281-291-2931-2935) | E10: 2
C11: III. IMOBILIZĂRI FINANCIARE (ct.261+262+263+265+266+267* - 296* ) | E11: 3
C13: ACTIVE IMOBILIZATE - TOTAL (rd. 01+02+ 03) | E13: 4 | F13: =F9+F10+F11 -> 0 | G13: =G9+G10+G11 -> 0 | H13: =H9+H10+H11 -> 0
C14: ACTIVE CIRCULANTE
C15: I. STOCURI (ct.301+302+303+321+322+/-308+323+326+327+328+331+332+341+345 +346+347+/-348+351+354+356+357+358+361+/-368+371+/-378+381+/-388+4091-391- 392-393-394-395-396-397-398 - din ct.4428) | E15: 5
C16: II. CREANŢE (ct.267*-296*+4092+411+413+418+425+4282+431**+437**+4382+441**+4424+din ct.4428**+444**+445+446**+447**+4482+451**+453**+456**+4582+461+4662+473** - 491 - 495 - 496+5187) | E16: 6
C17: III. INVESTIŢII PE TERMEN SCURT (ct.501+505+506+507+din ct.508+5113+5114-591-595-596-598) | E17: 7
C18: IV. CASA ŞI CONTURI LA BĂNCI (din ct. 508 + ct. 5112+512+531+532+541+542) | E18: 8
C19: ACTIVE CIRCULANTE - TOTAL (rd. 05+06+07+ 08) | E19: 9 | F19: =F15+F16+F17+F18 -> 0 | G19: =G15+G16+G17+G18 -> 0 | H19: =H15+H16+H17+H18 -> 0
C20: CHELTUIELI ÎN AVANS (ct. 471) | E20: 10
C21: DATORII: SUMELE CARE TREBUIE PLĂTITE ÎNTR-O PERIOADĂ DE PÂNĂ LA UN AN (ct.161+162+166+167+168-169+269+401+403+404+405+408+419+421+423 +424+426+427+4281+431***+437***+4381+441***+4423+4428***+444***+446***+447***+4481+451***+453*** +455+456***+457+4581+462+4661+473***+509+5186+519) | E21: 11
C22: ACTIVE CIRCULANTEE/DATORII CURENTE NETE (rd. 09 +10-11) | E22: 12 | F22: =F19+F20-F21 -> 0 | G22: =G19+G20-G21 -> 0 | H22: =H19+H20-H21 -> 0
C23: TOTAL ACTIVE MINUS DATORII CURENTE (rd. 04 + 09) | E23: 13 | F23: =F13+F19 -> 0 | G23: =G13+G19 -> 0 | H23: =H13+H19 -> 0
C24: DATORII:SUMELE CARE TREBUIE PLATITE INTR-O PERIOADA MAI MARE DE UN AN (ct.161+162+166+167+168-169+269+401+403+404+405+408+419+421+423 +424+426+427+4281+431***+437***+4381+441***+4423+4428***+444***+446***+447***+4481+451***+453*** +455+456***+4581+462+4661+473***+509+5186+519) | E24: 14
C25: VENITURI ÎN AVANS (rd.16+17), din care: | E25: 15 | F25: =F26+F27 -> 0 | G25: =G26+G27 -> 0 | H25: =H26+H27 -> 0
C26: 1.Subvenţii pentru investiţii | E26: 16
C27: 2.Venituri înregistrate în avans (ct. 472) | E27: 17
C28: CAPITAL ŞI REZERVE
C29: I. CAPITAL (rd.19+20), din care: | E29: 18 | F29: =F30+F31+F32 -> 0 | G29: =G30+G31+G32 -> 0 | H29: =H30+H31+H32 -> 0
C30: 1. capital subscris vărsat (ct. 1012) | E30: 19
C31: 2. capital subscris nevărsat (ct. 1011) | E31: 20
C32: Alte elemente de capitaluri proprii (ct. 1031) | E32: 21
C33: III. REZERVE DIN REEVALUARE (ct. 105) | E33: 22
C34: IV. REZERVE (ct. 106) | E34: 23
C35: V. PROFITUL SAU PIERDEREA REPORTAT(Ă) (ct. 117) | D35: SOLD C | E35: 24
D36: SOLD D | E36: 25
C37: VI. PROFITUL SAU PIERDEREA EXERCIŢIULUI FINANCIAR (ct. 121) | D37: SOLD C | E37: 26
D38: SOLD D | E38: 27
C39: Repartizarea profitului (ct. 129) | E39: 28
C40: CAPITALURI PROPRII - TOTAL (rd. 29+35+36+37-38+39-40+41-42+43-44-45) | E40: 29 | F40: =F29+F33+F34++F35-F36+F37-F38-F39 -> 0 | G40: =G29+G33+G34++G35-G36+G37-G38-G39 -> 0 | H40: =H29+H33+H34++H35-H36+H37-H38-H39 -> 0
C41: CAPITALURI - TOTAL (rd. 18+21+22+23+24-25+26-27-28) | E41: 30 | F41: =F40 -> 0 | G41: =G40 -> 0 | H41: =H40 -> 0

Sheet 7. CashFlow
C2: CASH-FLOW
B4: Nr. crt. | C4: Explicaţii / lună
D5: AN 2019 | E5: AN 2020 | F5: AN 2021
B6: I | C6: Sold iniţial disponibil (casă şi bancă) | D6: 0 | E6: =D33 -> 133230.62 | F6: =E33 -> 144978.41
B7: A | C7: Intrări de lichidităţi (1+2+3+4) | D7: =D8+D9+D10+D11 -> 313803.16 | E7: =E8+E9+E10+E11 -> 216000 | F7: =F8+F9+F10+F11 -> 280800
B8: 1 | C8: din vânzări | D8: ='6. Venituri'!J14 -> 136000 | E8: ='6. Venituri'!Q14 -> 216000 | F8: ='6. Venituri'!X14 -> 280800
B9: 2 | C9: din credite primite | D9: 0
B10: 3 | C10: alte intrări de numerar (aport propriu, etc.) | D10: 200
B11: 4 | C11: Alocaţie Financiară nerambursabilă | D11: =D22 -> 177603.16 | E11: 0 | F11: 0
C12: Total disponibil (I+A) | D12: =D6+D7 -> 313803.16 | E12: =E6+E7 -> 349230.62 | F12: =F6+F7 -> 425778.41
B13: B | C13: Utilizari numerar din exploatare | D13: =SUM(D14:D21) -> 0 | E13: =SUM(E14:E21) -> 202056 | F13: =SUM(F14:F21) -> 225189.6
B14: 1 | C14: Cheltuieli cu materii prime şi materiale consumabile aferente activităţii desfaşurate | D14: 0 | E14: ='Cont de profit'!E9 -> 77112 | F14: ='Cont de profit'!F9 -> 100245.6
B15: 2 | C15: Salarii (inclusiv cheltuielile aferente) | D15: 0 | E15: ='Cont de profit'!E10 -> 77820 | F15: ='Cont de profit'!F10 -> 77820
B16: 3 | C16: Chirii | D16: 0 | E16: ='Cont de profit'!E11 -> 28560 | F16: ='Cont de profit'!F11 -> 28560
B17: 4 | C17: Utilităţi | D17: 0 | E17: ='Cont de profit'!E12 -> 7140 | F17: ='Cont de profit'!F12 -> 7140
B18: 5 | C18: Costuri funcţionare birou, Cheltuieli de marketing, Servicii cu terţii, Reparaţii/Întreţinere | D18: 0 | E18: ='Cont de profit'!E13 -> 11424 | F18: ='Cont de profit'!F13 -> 11424
B19: 6 | C19: Asigurări | D19: ='Cont de profit'!D14 -> 0 | E19: ='Cont de profit'!E14 -> 0 | F19: ='Cont de profit'!F14 -> 0
B20: 7 | C20: Impozite, taxe şi vărsăminte asimilate | D20: ='Cont de profit'!D15 -> 0 | E20: ='Cont de profit'!E15 -> 0 | F20: ='Cont de profit'!F15 -> 0
B21: 8 | C21: Alte cheltuieli | D21: 0 | E21: 0 | F21: 0
B22: C | C22: Cheltuieli pentru investiţii (Valoarea totală a proiectului) | D22: ='1.Buget'!I44 -> 177603.16 | E22: 0 | F22: 0
B23: D | C23: Credite
C24: rambursări rate de credit scadente
C25: dobânzi şi comisioane
B26: E | C26: Plăţi/încasări pentru impozite şi taxe (1-2+3) | D26: =D27+D28+D29 -> 2969.3816 | E26: =E27+E28+E29 -> 2196.2073 | F26: =F27+F28+F29 -> 2844.2073
B27: 1 | C27: Plăţi TVA
B28: 2 | C28: Rambursări TVA
B29: 3 | C29: Impozit pe profit/cifră de afaceri | D29: ='Cont de profit'!D30 -> 2969.3816 | E29: ='Cont de profit'!E30 -> 2196.2073 | F29: ='Cont de profit'!F30 -> 2844.2073
B30: F | C30: Dividende
B31: G | C31: Total utilizări numerar (B+C+D+E+F) | D31: =D13+D22+D23+D26+D30 -> 180572.54 | E31: =E13+E22+E23+E26+E30 -> 204252.21 | F31: =F13+F22+F23+F26+F30 -> 228033.81
B32: H | C32: Flux net de lichidităţi (A-G) | D32: =D7-D31 -> 133230.62 | E32: =E7-E31 -> 11747.793 | F32: =F7-F31 -> 52766.193
B33: II | C33: Sold final disponibil (I+H) | D33: =D6+D32 -> 133230.62 | E33: =E6+E32 -> 144978.41 | F33: =F6+F32 -> 197744.6
B35: Pentru simplificarea proiectiilor am considerat ca incasarile din vanzari, plata materiilor prime si materialelor, a salariilor, chirii si utilitati, servicii din ultima luna calendaristica a fiecarui an se fac in acea luna.
